 Dungeon Crawl Stone Soup version 0.29.1-12-g30fa7ad0bf (webtiles) character file.

Game seed: 1747845194030711053

74 raph the Caller (level 4, -2/24 HPs)
             Began as a Deep Elf Summoner on Dec 30, 2022.
             Succumbed to a scorpion's poison
             ... on level 2 of the Dungeon.
             The game lasted 00:03:10 (2947 turns).

raph the Caller (Deep Elf Summoner)                 Turns: 2947, Time: 00:03:11

Health: -2/24      AC:  3    Str:  5    XL:     4   Next: 9%
Magic:  4/11       EV: 13    Int: 22    God:
Gold:   113        SH:  0    Dex: 15    Spells: 1/10 levels left

rFire   . . .      SeeInvis .   c - +0 dagger (drain)
rCold   . . .      Faith    .   (no shield)
rNeg    . . .      Spirit   .   a - +0 robe
rPois   .          Reflect  .   (no helmet)
rElec   .          Harm     .   t - +0 cloak
rCorr   .          Rampage  .   (no gloves)
Will    .....                   (no boots)
Stlth   ++........              (no amulet)
HPRegen 0.08/turn               (no ring)
MPRegen 0.12/turn               (no ring)

@: lethally poisoned (-2 -> -12)
A: no striking features
a: no special abilities


You were on level 2 of the Dungeon.
You visited 1 branch of the dungeon, and saw 3 of its levels.

You collected 113 gold pieces.

Inventory:

Hand Weapons
 c - a +0 dagger of draining (weapon)
 o - a +0 rapier
Missiles
 j - 2 poisoned darts
Armour
 a - a +0 robe (worn)
 e - a scarf of invisibility
 t - a +0 cloak (worn)
Jewellery
 q - a +6 ring of intelligence
 s - a +6 ring of strength
Wands
 p - a wand of digging (7)
Scrolls
 d - a scroll of immolation {unknown}
 f - a scroll of enchant weapon {unknown}
 h - 3 scrolls of identify {unknown}
 i - a scroll of blinking {unknown}
Potions
 b - 2 potions of magic
 g - a potion of might {unknown}
 k - a potion of cancellation {unknown}
 l - a potion of curing {unknown}
 m - a potion of degeneration {unknown}
 n - a potion of brilliance {unknown}
 r - a potion of invisibility {unknown}


   Skills:
 - Level 3.2 Dodging
 - Level 3.3 Stealth
 + Level 3.7 Spellcasting
 + Level 0.0 Hexes
 * Level 5.2 Summonings


You had one spell level left.
You knew the following spells:

 Your Spells              Type           Power      Damage    Failure   Level
a - Summon Small Mammal   Summ           100%       N/A       1%          1
b - Call Imp              Summ           27%        N/A       1%          2
c - Call Canine Familiar  Summ           27%        N/A       4%          3
d - Summon Guardian Gole  Hex/Summ       15%        N/A       12%         3

Your spell library contained the following spells:

 Spells                   Type           Power      Damage    Failure   Level
 Summon Lightning Spire   Summ/Air       15%        N/A       36%         4


Dungeon Overview and Level Annotations

Branches:
Dungeon (3/15)

Altars:


Message History

Orders for allies: a - Attack new target. p - Attack previous target. r - Retreat! s - Stop attacking. g - Guard the area. f - Follow me.
Anything else - Cancel.
Gang up on whom?
Press: ? - help, Dir - move target, f/p - scorpion
Aim: a scorpion (lightly wounded, ally target) Attack!
Your hound barely misses the scorpion.
Your quokka bites the scorpion but does no damage.
The scorpion stings you!
You are poisoned.
The scorpion poisons you! The scorpion attacks as you move away!
The scorpion barely misses you.
You feel sick.
Your hound bites the scorpion but does no damage.
Your quokka completely misses the scorpion.
The scorpion stings your quokka.
Your crimson imp hits the scorpion.
Your hound bites the scorpion but does no damage.
You feel sick.
Your quokka closely misses the scorpion.
The scorpion stings your quokka.
Your hound bites the scorpion but does no damage.
Your crimson imp closely misses the scorpion.
You feel sick.
Your hound closely misses the scorpion.
Your quokka bites the scorpion.
Your quokka barely misses the scorpion.
You feel sick.
You feel sick.
Your quokka bites the scorpion but does no damage.
You feel sick.
Your hound closely misses the scorpion.
You feel sick.
You feel sick.
You are no longer poisoned.
You see here an adder corpse.
There is a stone staircase leading up here.
The scorpion stings you.
* * * LOW HITPOINT WARNING * * *
You are lethally poisoned!
The scorpion poisons you!
You climb upwards.
You die...

##.### ##.....## ###### #.#
##...## #..... #.# ##'##
#.###. #.# #.# #.# #. #.#
#########.#### #># #. #.#
#............# #.# #. #.#
#.####.#...#.# #.###. #.#
#.# #s......#####.....
#.###.####@#...............
#.......##.##..#.##########
#####.#.##.###.#.#
#............#
##############


You could see a scorpion.

Vanquished Creatures
  2 adders
  A ball python (D:1)
  A giant cockroach (D:1)
  A goblin (D:2)
  A hobgoblin (D:1)
  A quokka (D:1)
  4 bats
  3 kobolds (D:1)
14 creatures vanquished.

Vanquished Creatures (collateral kills)
  Crazy Yiuf (D:2)
  A worm (D:2)
  2 ball pythons (D:2)
  2 goblins
  A hobgoblin (D:2)
  3 kobolds
10 creatures vanquished.

Grand Total: 24 creatures vanquished

Notes
Turn   | Place    | Note
-------+----------+-------------------------------------------
     0 | D:1      | raph the Deep Elf Summoner began the quest for the Orb.
     0 | D:1      | Reached XP level 1. HP: 10/10 MP: 6/6
   958 | D:1      | Reached XP level 2. HP: 13/14 MP: 5/8
  1256 | D:1      | Learned a level 2 spell: Call Imp
  2406 | D:2      | Reached XP level 3. HP: 19/19 MP: 5/9
  2410 | D:2      | Learned a level 3 spell: Call Canine Familiar
  2563 | D:2      | Found a runed translucent door.
  2564 | D:2      | Noticed Crazy Yiuf
  2693 | D:2      | Killed Crazy Yiuf
  2694 | D:2      | Reached skill level 5 in Summonings
  2866 | D:3      | Reached XP level 4. HP: 23/24 MP: 5/11
  2917 | D:3      | Learned a level 3 spell: Summon Guardian Golem
  2924 | D:3      | Noticed a scorpion
  2947 | D:2      | Succumbed to a scorpion's poison

Illustrated notes

Levels and vault maps discovered:
D:1:      lightli_arrival_statue_moat, layout_basic
D:2:      layout_loops_corners, serial_bayou_ford_a,
          hangedman_abyss_or_decor_stabs, kennysheep_donut,
          uniq_crazy_yiuf_cottage
D:3:      layout_loops_ring, pf_just_have_faith, mainiacjoe_overflow_two_lobes,
          mainiacjoe_overflow_swirl, portal_sewer_entry_a,
          minmay_misc_feat_room, uniq_robin

Skill      XL: |  1  2  3 |
---------------+----------+-----
Stealth        | 3 |  3.3
Dodging        | 3 |  3.2
Summonings     | 5 |  5.2
Spellcasting   | |  3.7

Action                   |  1- 3 |  4- 6 || total
-------------------------+-------+-------++-------
Melee: Dagger            |    30 |       ||    30
       Unarmed           |     2 |       ||     2
       Punch             |     1 |       ||     1
 Cast: Summon Small Mamm |    22 |     1 ||    23
       Call Imp          |     8 |     1 ||     9
       Call Canine Famil |     2 |     2 ||     4
 Stab: Sleeping          |     6 |       ||     6
Armor: Robe              |     8 |       ||     8
Dodge: Dodged            |    37 |     1 ||    38
